[ AOE2 MATCH · #504894102 ]
UnrankedBulgarians vs Magyars
Player's team · LOSS
Rival team · WIN
[ REPLAY ANALYSIS · EXTRACTED FROM THE RECORDED GAME ]
Feudal
8:02
Castle
—
Imperial
—
| APM avg | 51.0 |
| APM peak | 121 |
| eAPM avg | 19.8 |
| Villagers / military | 58 / 25 |
Focus
⚔️ 28.7% · 🌾 71.3%
Spearman ×17 · Archer ×6 · Militia ×2
Feudal
9:29
Castle
13:38
Imperial
—
| APM avg | 94.7 |
| APM peak | 143 |
| eAPM avg | 35.0 |
| Villagers / military | 30 / 34 |
Focus
⚔️ 18.5% · 🌾 81.5%
Magyar Huszar ×31 · Battering Ram ×3
Match map
Initial resources + every placement click. Lines = walls · curves = elevation contours. ◆ gold · ⬟ stone · ● berries · ✦ relic · ◌ wall gap
Your base· Open — unwalled flank
Fs.Wolverine's base· Open — 10t gap
Smoothed initial terrain · ◌ = detected wall gap · hover for details
Inputs per minute
— _DY_孟川 - - Fs.Wolverine
Build order — _DY_孟川
142 actions detected in the replay
| 0:01 | Create | Villager (Male) |
| 0:02 | Build | House |
| 0:04 | Build | House |
| 0:07 | Research | Loom |
| 0:19 | Create | Villager (Male) |
| 0:19 | Create | Villager (Male) |
| 0:21 | Create | Villager (Male) |
| 0:22 | Create | Villager (Male) |
| 1:32 | Create | Villager (Male) |
| 1:32 | Create | Villager (Male) |
| 1:36 | Create | Villager (Male) |
| 2:11 | Create | Villager (Male) |
| 2:11 | Create | Villager (Male) |
| 2:11 | Create | Villager (Male) |
| 2:25 | Build | Lumber Camp |
| 2:33 | Create | Villager (Male) |
| 2:33 | Create | Villager (Male) |
| 2:45 | Build | House |
| 2:52 | Build | House |
| 3:06 | Create | Villager (Male) |
| 4:22 | Build | Mill |
| 4:35 | Create | Villager (Male) |
| 4:50 | Create | Villager (Male) |
| 4:57 | Build | House |
| 5:52 | Research | Feudal Age |
| 7:20 | Build | Barracks |
| 7:51 | Create | Villager (Male) |
| 8:02 | Age | Feudal Age |
| 8:24 | Build | Stable |
| 8:33 | Create | Villager (Male) |
| 8:37 | Build | Archery Range |
| 8:38 | Create | Militia |
| 8:38 | Create | Militia |
| 8:41 | Create | Villager (Male) |
| 9:14 | Create | Spearman |
| 9:16 | Create | Villager (Male) |
| 9:18 | Build | Mining Camp |
| 9:24 | Build | House |
| 9:26 | Build | Palisade Wall |
| 9:35 | Create | Villager (Male) |
| 9:49 | Create | Spearman |
| 9:50 | Create | Spearman |
| 10:14 | Create | Villager (Male) |
| 10:15 | Create | Villager (Male) |
| 10:16 | Create | Villager (Male) |
| 10:33 | Create | Spearman |
| 10:38 | Build | Watch Tower |
| 10:43 | Create | Archer |
| 10:43 | Create | Archer |
| 10:43 | Create | Archer |
| 10:46 | Build | Mill |
| 10:47 | Create | Villager (Male) |
| 10:48 | Create | Villager (Male) |
| 11:19 | Build | House |
| 11:33 | Create | Archer |
| 11:34 | Create | Archer |
| 11:36 | Build | Palisade Wall |
| 11:37 | Build | Palisade Wall |
| 11:41 | Create | Villager (Male) |
| 11:49 | Build | Mining Camp |
| 12:15 | Create | Spearman |
| 12:53 | Create | Villager (Male) |
| 12:54 | Create | Villager (Male) |
| 13:02 | Build | Watch Tower |
| 13:11 | Create | Archer |
| 13:12 | Create | Spearman |
| 13:17 | Build | House |
| 13:38 | Build | House |
| 13:41 | Create | Villager (Male) |
| 14:02 | Create | Villager (Male) |
| 14:21 | Build | Farm |
| 14:22 | Build | Farm |
| 14:33 | Build | Palisade Wall |
| 14:33 | Build | Palisade Wall |
| 14:34 | Build | Palisade Wall |
| 14:35 | Build | Palisade Wall |
| 14:38 | Create | Spearman |
| 14:38 | Create | Spearman |
| 14:42 | Build | House |
| 14:43 | Build | Stone Wall |
| 14:46 | Build | House |
| 14:47 | Create | Villager (Male) |
| 14:47 | Create | Villager (Male) |
| 15:00 | Build | Palisade Wall |
| 15:06 | Build | Farm |
| 15:07 | Create | Villager (Male) |
| 15:08 | Create | Villager (Male) |
| 15:15 | Build | House |
| 15:20 | Build | Gate |
| 15:23 | Build | Stone Wall |
| 15:24 | Create | Villager (Male) |
| 15:39 | Build | Stone Wall |
| 15:53 | Build | Watch Tower |
| 15:57 | Create | Spearman |
| 15:58 | Create | Spearman |
| 15:58 | Create | Spearman |
| 16:22 | Create | Villager (Male) |
| 16:22 | Create | Villager (Male) |
| 16:28 | Build | Farm |
| 16:32 | Create | Spearman |
| 16:33 | Create | Spearman |
| 16:49 | Build | Stone Wall |
| 16:51 | Create | Villager (Male) |
| 16:51 | Create | Villager (Male) |
| 16:59 | Build | Farm |
| 17:03 | Create | Villager (Male) |
| 17:04 | Create | Villager (Male) |
| 17:23 | Create | Villager (Male) |
| 17:23 | Create | Villager (Male) |
| 17:25 | Build | Watch Tower |
| 17:29 | Build | Farm |
| 17:31 | Create | Villager (Male) |
| 17:31 | Create | Villager (Male) |
| 17:42 | Build | Farm |
| 17:54 | Build | Watch Tower |
| 17:58 | Create | Villager (Male) |
| 17:59 | Create | Villager (Male) |
| 18:22 | Build | Stone Wall |
| 18:28 | Build | Farm |
| 18:30 | Create | Villager (Male) |
| 18:30 | Create | Villager (Male) |
| 18:30 | Create | Villager (Male) |
| 18:37 | Build | House |
| 18:39 | Build | Stone Wall |
| 18:56 | Build | Farm |
| 19:18 | Create | Spearman |
| 19:18 | Create | Spearman |
| 19:19 | Create | Spearman |
| 19:19 | Create | Spearman |
| 19:41 | Create | Villager (Male) |
| 19:41 | Create | Villager (Male) |
| 20:03 | Build | House |
| 20:11 | Create | Villager (Male) |
| 20:12 | Create | Villager (Male) |
| 20:24 | Build | Mining Camp |
| 20:33 | Build | Watch Tower |
| 20:49 | Create | Villager (Male) |
| 20:49 | Create | Villager (Male) |
| 20:52 | Build | House |
| 20:53 | Create | Villager (Male) |
| 21:25 | Build | House |
| 21:29 | Build | Stone Wall |
Build order — Fs.Wolverine
94 actions detected in the replay
| 0:01 | Create | Villager (Male) |
| 0:01 | Build | House |
| 0:02 | Build | House |
| 0:04 | Research | Loom |
| 0:17 | Create | Villager (Male) |
| 0:17 | Create | Villager (Male) |
| 0:23 | Create | Villager (Male) |
| 0:23 | Create | Villager (Male) |
| 0:23 | Create | Villager (Male) |
| 1:01 | Create | Villager (Male) |
| 1:01 | Create | Villager (Male) |
| 1:15 | Build | Lumber Camp |
| 1:31 | Create | Villager (Male) |
| 2:07 | Create | Villager (Male) |
| 2:07 | Create | Villager (Male) |
| 2:21 | Build | House |
| 2:38 | Create | Villager (Male) |
| 2:56 | Create | Villager (Male) |
| 3:05 | Build | Mill |
| 3:20 | Create | Villager (Male) |
| 4:12 | Build | Mining Camp |
| 4:20 | Create | Villager (Male) |
| 4:22 | Create | Villager (Male) |
| 4:25 | Build | House |
| 4:39 | Create | Villager (Male) |
| 5:46 | Create | Villager (Male) |
| 6:00 | Create | Villager (Male) |
| 6:54 | Create | Villager (Male) |
| 7:16 | Research | Feudal Age |
| 7:41 | Build | House |
| 9:25 | Create | Villager (Male) |
| 9:29 | Age | Feudal Age |
| 9:32 | Build | Market |
| 10:00 | Create | Villager (Male) |
| 10:05 | Build | Blacksmith |
| 10:11 | Create | Villager (Male) |
| 10:33 | Build | Mining Camp |
| 10:38 | Build | Palisade Wall |
| 10:58 | Research | Castle Age |
| 10:58 | Research | Castle Age |
| 11:34 | Build | House |
| 13:05 | Build | Farm |
| 13:08 | Build | Farm |
| 13:35 | Create | Villager (Male) |
| 13:38 | Age | Castle Age |
| 13:59 | Build | Castle |
| 14:21 | Create | Villager (Male) |
| 14:39 | Build | Farm |
| 14:40 | Build | Farm |
| 15:15 | Create | Magyar Huszar ×2 |
| 15:15 | Create | Magyar Huszar ×2 |
| 15:32 | Create | Magyar Huszar |
| 15:32 | Create | Magyar Huszar |
| 15:42 | Build | Lumber Camp |
| 16:05 | Create | Magyar Huszar |
| 16:35 | Create | Villager (Male) |
| 16:49 | Create | Magyar Huszar |
| 16:49 | Create | Magyar Huszar |
| 16:55 | Build | Farm |
| 16:56 | Build | Farm |
| 16:59 | Build | Farm |
| 17:11 | Build | Farm |
| 17:24 | Create | Magyar Huszar |
| 17:25 | Create | Magyar Huszar |
| 17:30 | Build | Farm |
| 17:47 | Create | Villager (Male) |
| 17:58 | Create | Magyar Huszar |
| 17:59 | Create | Magyar Huszar |
| 17:59 | Create | Magyar Huszar |
| 18:09 | Build | Mining Camp |
| 18:30 | Create | Magyar Huszar |
| 18:31 | Create | Magyar Huszar |
| 18:31 | Create | Magyar Huszar |
| 19:23 | Create | Magyar Huszar |
| 19:23 | Create | Magyar Huszar |
| 19:39 | Create | Magyar Huszar |
| 19:39 | Create | Magyar Huszar |
| 19:43 | Create | Villager (Male) |
| 20:06 | Build | Siege Workshop |
| 20:25 | Create | Magyar Huszar |
| 20:26 | Create | Magyar Huszar |
| 20:26 | Create | Magyar Huszar |
| 20:26 | Create | Magyar Huszar |
| 20:26 | Create | Magyar Huszar |
| 20:42 | Create | Magyar Huszar |
| 20:42 | Create | Magyar Huszar |
| 20:55 | Create | Villager (Male) |
| 20:55 | Create | Villager (Male) |
| 21:31 | Create | Battering Ram |
| 21:32 | Create | Battering Ram |
| 21:32 | Create | Battering Ram |
| 21:40 | Create | Magyar Huszar |
| 21:41 | Create | Magyar Huszar |
| 21:41 | Create | Magyar Huszar |
Match timeline
| 7:20 | _DY_孟川 · first_building Barracks |
| 8:02 | _DY_孟川 · age_up feudal |
| 8:24 | _DY_孟川 · first_building Stable |
| 8:37 | _DY_孟川 · first_building Archery Range |
| 9:26 | _DY_孟川 · wall_segment Palisade Wall x4 |
| 9:29 | Fs.Wolverine · age_up feudal |
| 10:38 | Fs.Wolverine · wall_segment Palisade Wall x1 |
| 10:44 | Fs.Wolverine · first_market_sell 100 stone |
| 10:45 | Fs.Wolverine · first_market_buy 100 food |
| 11:36 | _DY_孟川 · wall_segment Palisade Wall x1 |
| 11:37 | _DY_孟川 · wall_segment Palisade Wall x1 |
| 13:38 | Fs.Wolverine · age_up castle |
| 13:59 | Fs.Wolverine · first_building Castle |
| 14:33 | _DY_孟川 · wall_segment Palisade Wall x1 |
| 14:33 | _DY_孟川 · wall_segment Palisade Wall x1 |
| 14:34 | _DY_孟川 · wall_segment Palisade Wall x1 |
| 14:35 | _DY_孟川 · wall_segment Palisade Wall x1 |
| 14:43 | _DY_孟川 · wall_segment Stone Wall x1 |
| 15:00 | _DY_孟川 · wall_segment Palisade Wall x1 |
| 15:23 | _DY_孟川 · wall_segment Stone Wall x1 |
| 15:39 | _DY_孟川 · wall_segment Stone Wall x6 |
| 16:49 | _DY_孟川 · wall_segment Stone Wall x1 |
| 18:22 | _DY_孟川 · wall_segment Stone Wall x1 |
| 18:39 | _DY_孟川 · wall_segment Stone Wall x1 |
| 20:06 | Fs.Wolverine · first_building Siege Workshop |
| 21:29 | _DY_孟川 · wall_segment Stone Wall x1 |
| 21:42 | _DY_孟川 · resign |
[ AI ANALYSIS · 1 CREDIT ]
What really happened in this match?
Wolo.gg analyzes every decision: build order, eco, micro, common mistakes by bracket. Personalized analysis on WhatsApp or Discord in 30 seconds.
Civ guide
Bulgarians
Perfil
Jugador #1821855